 Dungeon Crawl Stone Soup version 0.28.0-47-ge53b351184 (webtiles) character file.

Game seed: 12347709519426076742

117404 pkoi the Destroyer (level 15, -5/117 HPs)
             Began as a Demigod Conjurer on May 5, 2022.
             Slain by a tarantella (8 damage)
             ... on level 1 of the Spider Nest.
             The game lasted 01:31:24 (55063 turns).

pkoi the Destroyer (Demigod Conjurer)              Turns: 55063, Time: 01:31:24

Health: -5/117     AC: 13    Str:  7 (8)  XL:     15   Next: 75%
Magic:  11/32      EV: 14    Int: 45 (46) God:
Gold:   1027       SH:  0    Dex: 12      Spells: 1/32 levels left

rFire   . . .      SeeInvis +   j - +10 trident of Punishment {speed, Stlth+}
rCold   . . .      Faith    .   (no shield)
rNeg    . . .      Spirit   .   P - +0 robe {Will+}
rPois   +          Reflect  .   E - +1 helmet {SInv}
rElec   .          Harm     .   F - +0 cloak {rPois}
rCorr   .          Rampage  .   Q - +0 pair of gloves
Will    ++...                   q - +1 pair of boots
Stlth   ++........              (no amulet)
HPRegen 0.29/turn               s - +4 ring of protection
MPRegen 0.23/turn               d - +6 ring of intelligence

@: confused
A: high MP 1, forlorn, divine attributes
a: no special abilities


You were on level 1 of the Spider Nest.
You visited 5 branches of the dungeon, and saw 22 of its levels.
You also visited: Ice Cave.

You collected 1791 gold pieces.
You spent 764 gold pieces at shops.

Inventory:

Hand Weapons
 j - the +10 trident of Punishment (weapon) {speed, Stlth+}
   (You found it on level 8 of the Dungeon)

   Attacks with this weapon are significantly faster.
   Stlth:     It makes you more stealthy.
Missiles
 l - 2 throwing nets
Armour
 q - a +1 pair of boots (worn)
 E - a +1 helmet of see invisible (worn)
 F - a +0 cloak of poison resistance (worn)
 H - a +1 helmet of intelligence
 P - a +0 robe of willpower (worn)
 Q - a +0 pair of gloves (worn)
Jewellery
 d - a +6 ring of intelligence (right hand)
 e - a +4 ring of evasion
 s - a +4 ring of protection (left hand)
 t - a ring of resist corrosion
 w - a ring of wizardry
 y - a ring of ice
 R - the ring of the Sandy Peach {Fly rElec Will+ Str+4}
   (You found it on level 2 of the Swamp)

   [ring of flight]

   Str:       It affects your strength (+4).
   rElec:     It insulates you from electricity.
   Fly:       It grants you flight.
   Will:      It increases your willpower.
Wands
 f - a wand of polymorph (21)
 m - a wand of flame (34)
 o - a wand of digging (8)
 I - a wand of acid (7)
 K - a wand of iceblast (9)
Scrolls
 b - 2 scrolls of fog
 c - 2 scrolls of fear
 n - 3 scrolls of enchant weapon
 p - a scroll of summoning
 u - a scroll of blinking
 v - a scroll of magic mapping
 x - a scroll of silence
 B - 7 scrolls of teleportation
 C - 2 scrolls of identify
 D - a scroll of brand weapon
 J - 3 scrolls of enchant armour
Potions
 a - a potion of might
 g - 10 potions of flight
 h - 4 potions of heal wounds
 i - 3 potions of lignification
 k - 6 potions of curing
 z - 5 potions of magic
 A - 2 potions of berserk rage
 L - 2 potions of haste
 M - a potion of ambrosia
 N - 2 potions of invisibility
 O - a potion of brilliance
Miscellaneous
 r - a box of beasts
 G - a phantom mirror


   Skills:
 - Level 6.6 Fighting
 - Level 11.0 Polearms
 - Level 5.9 Armour
 - Level 7.4 Dodging
 - Level 3.0 Stealth
 - Level 9.0 Spellcasting
 - Level 14.1 Conjurations
 - Level 10.7 Hexes
 - Level 8.0 Translocations
 - Level 3.1 Transmutations
 - Level 3.0 Air Magic
 + Level 5.0 Earth Magic
 - Level 3.0 Poison Magic
 - Level 1.0 Evocations


You had one spell level left.
You knew the following spells:

 Your Spells              Type           Power      Damage    Failure   Level
a - Magic Dart            Conj           100%       1d8       0%          1
b - Searing Ray           Conj           100%       2d8       0%          2
c - Iskenderun's Mystic   Conj/Tloc      88%        2d17      1%          4
d - Fulminant Prism       Conj/Hex       46%        3d21      1%          4
e - Poisonous Vapours     Pois/Air       94%        N/A       1%          2
f - Apportation           Tloc           100%       N/A       1%          1
g - Blink                 Tloc           100%       N/A       1%          2
h - Passage of Golubria   Tloc           75%        N/A       1%          4
i - Irradiate             Conj/Tmut      39%        3d26      1%          5
j - Iron Shot             Conj/Erth      41%        9d8       4%          6

Your spell library contained the following spells:

 Spells                   Type           Power      Damage    Failure   Level
 Summon Small Mammal      Summ           80%        N/A       1%          1
 Corpse Rot               Necr/Air       66%        N/A       1%          2
 Sublimation of Blood     Necr           20%        N/A       1%          2
 Confusing Touch          Hex            87%        N/A       1%          3
 Dazzling Flash           Conj/Hex       100%       N/A       1%          3
 Lesser Beckoning         Tloc           75%        N/A       1%          3
 Portal Projectile        Hex/Tloc       100%       N/A       1%          3
 Summon Guardian Golem    Hex/Summ       62%        N/A       1%          3
 Tukima's Dance           Hex            87%        N/A       1%          3
 Iskenderun's Battlesphe  Conj           99%        2d15      1%          5
 Manifold Assault         Tloc           75%        N/A       1%          5
 Petrify                  Tmut/Erth      54%        N/A       2%          4
 Yara's Violent Unravell  Hex/Tmut       35%        3d14      2%          5
 Call Canine Familiar     Summ           20%        N/A       4%          3
 Frozen Ramparts          Ice            40%        1d6       4%          3
 Conjure Ball Lightning   Conj/Air       39%        3x3d13    6%          6
 Ice Form                 Ice/Tmut       34%        N/A       8%          4
 Alistair's Intoxication  Tmut/Pois      31%        N/A       11%         5
 Blade Hands              Tmut           24%        N/A       11%         5
 Summon Ice Beast         Ice/Summ       20%        N/A       14%         4
 Enfeeble                 Hex            43%        N/A       14%         7
 Excruciating Wounds      Necr           10%        N/A       36%         5
 Spellforged Servitor     Conj/Summ      35%        N/A       54%         7
 Discord                  Hex            43%        N/A       73%         8
 Disjunction              Tloc           37%        N/A       98%         8


Dungeon Overview and Level Annotations

Branches:
Dungeon (10/15)            Temple (0/1) D:7            Lair (6/6) D:8
  Swamp (3/4) Lair:2       Spider (1/4) Lair:3        Slime (0/5) Lair:5
    Orc (2/2) D:10            Elf (0/3) Orc:2         IceCv (visited)

Shops:
Orc:1 (   Orc:2 *[**

Portals:
Abyss: Lair:6


Innate Abilities, Weirdness & Mutations

You have an increased reservoir of magic. (+10% MP)
You shall have no god before yourself.
Your divine heritage dramatically boosts your attributes as you level up.


Message History

You are confused.
In your confused state, you trip and fall back down the stairs.
The orb of destruction hits you!!!
* * * LOW HITPOINT WARNING * * *
The tarantella touches you.
* * * LOW HITPOINT WARNING * * *
The orb spider spins a strand of pure energy.
The spark wasp bursts into living lightning!
The living lightning misses you.
The spark wasp blinks!
The tarantella misses you.
Unknown command.
Unknown command.
Unknown command.
Unknown command.
The spark wasp stings you.
* * * LOW HITPOINT WARNING * * *
The spark wasp shocks you!
* * * LOW HITPOINT WARNING * * *
The tarantella touches you.
* * * LOW HITPOINT WARNING * * *
You are more confused.
The spark wasp closely misses you.
In your confused state, you trip and fall back down the stairs.
* * * LOW HITPOINT WARNING * * *
The tarantella misses you. The spark wasp stings you!
* * * LOW HITPOINT WARNING * * *
The spark wasp shocks you!
* * * LOW HITPOINT WARNING * * *
The orb spider weaves a glowing orb of energy.
The tarantella closely misses you.
An orb of destruction comes into view.
Unknown command.
Unknown command.
You are too confused!
You feel much better. The spark wasp stings you!
* * * LOW HITPOINT WARNING * * *
The spark wasp shocks you!
* * * LOW HITPOINT WARNING * * *
The tarantella touches you!
You die...

##...#.>......#
##..............#
#.^).>#.#...!)..#
#..........#...#
#..#.....#.....###
##.....s..........#
#....*☼...........#
#...@.†...........#
##.y#s[...........##
#....[...........^#
###.....#.....#....
#####......## ..
##.........#
#...[.......#
..............#
......#..........


You could see a spark wasp, an orb spider and a tarantella.

Vanquished Creatures
  Kirke (Swamp:3)
  A thorn hunter (Swamp:3)
  3 emperor scorpions
  4 ghouls (Swamp:1)
  2 ghost moths
  The ghost of Ysuot the Spear-Bearer, a journeyman OpWn of Okawaru (Swamp:2)
  3 eleionomae
  3 bunyips
  Harold (D:9)
  Erolcha (D:10)
  4 ogre magi (Orc:2)
  A boulder beetle (Lair:3)
  9 hydras
  An anaconda (Lair:6)
  15 two-headed ogres
  20 death yaks
  2 alligators (Swamp:2)
  3 thrashing horrors (Lair:6)
  3 spriggans (Swamp:2)
  A fire crab (shapeshifter) (Lair:6)
  A pharaoh ant (Spider:1)
  4 goliath frogs
  2 spriggan druids (Swamp:2)
  A steelbarb worm (Spider:1)
  3 swamp dragons (Swamp:2)
  2 bog bodies
  2 lindwurms (Lair:2)
  3 ugly things
  An oklob plant (Lair:4)
  An orc sorcerer (Orc:2)
  A wolf spider (Lair:3)
  A cyclops (D:9)
  2 moths of wrath (Swamp:2)
  4 black mambas
  Joseph (D:9)
  3 will-o-the-wisps
  19 elephants
  A torpor snail (Spider:1)
  17 cane toads
  A smoke demon (Lair:6)
  An unseen horror (shapeshifter) (Lair:6)
  2 demonic crawlers
  6 rime drakes
  A freezing wraith (IceCv)
  Psyche (D:10)
  14 komodo dragons
  3 ancient zymes (Lair:6)
  An entropy weaver simulacrum (IceCv)
  3 meliai (Spider:1)
  A troll (Orc:2)
  A polar bear (Lair:6)
  A tarantella (Spider:1)
  9 tyrant leeches
  5 hornets
  19 blink frogs
  3 culicivoras
  A jumping spider (Lair:3)
  4 wyverns
  41 yaks
  2 humans (Swamp:3)
  3 ynoxinuls (Lair:6)
  11 small abominations
  A hog (Swamp:3)
  10 basilisks
  A death yak simulacrum (IceCv)
  A steam dragon (D:8)
  Grum (D:9)
  7 vampire mosquitoes
  17 swamp worms
  4 redbacks
  An acid dragon (D:8)
  7 wargs (Orc:2)
  16 water moccasins
  3 swamp drakes (Swamp:3)
  3 large abominations
  2 ice beasts
  12 orc warriors
  3 sky beasts
  2 necrophages
  3 black bears
  26 ogres
  27 wolves
  A centaur (D:5)
  2 phantoms (D:4)
  A gnoll sergeant (D:6)
  9 bullfrogs
  A wyvern zombie (D:8)
  3 scorpions
  An elephant simulacrum (IceCv)
  6 killer bees (D:8)
  8 wights
  14 electric eels
  3 howler monkeys
  5 centaur zombies
  6 hounds
  A centaur skeleton (D:5)
  3 jellies
  5 orc priests
  A bullfrog skeleton (D:5)
  5 iguanas
  14 orc wizards
  2 scorpion zombies (D:5)
  A polar bear simulacrum (IceCv)
  A wolf simulacrum (IceCv)
  8 gnolls
  2 adders
  2 white imps
  An ufetubus (D:6)
  2 worms (D:3)
  3 dart slugs
  45 orcs
  3 ball pythons
  5 bats
  4 endoplasms
  4 giant cockroaches
  9 hobgoblins
  5 jackals
  5 quokkas
  4 frilled lizards
  2 goblins
  3 kobolds
  24 rats
  A fulminant prism (D:8)
654 creatures vanquished.

Vanquished Creatures (others)
  2 humans (Swamp:3)
  A bush (Lair:6)
  6 foxfires (Swamp:2)
  390 fulminant prisms
  98 fungi
  187 plants
684 creatures vanquished.

Grand Total: 1338 creatures vanquished

Notes
Turn   | Place    | Note
-------+----------+-------------------------------------------
     0 | D:1      | pkoi the Demigod Conjurer began the quest for the Orb.
     0 | D:1      | Reached XP level 1. HP: 14/14 MP: 5/5
   370 | D:1      | Reached skill level 4 in Conjurations
   609 | D:1      | Reached XP level 2. HP: 20/20 MP: 5/7
  1081 | D:1      | Learned a level 2 spell: Searing Ray
  2239 | D:3      | Reached XP level 3. HP: 26/26 MP: 6/8
  2356 | D:3      | Learned a level 2 spell: Poisonous Vapours
  2980 | D:3      | Reached XP level 4. HP: 28/33 MP: 4/9
  2988 | D:3      | Reached skill level 5 in Conjurations
  2989 | D:3      | Reached skill level 1 in Air Magic
  2989 | D:3      | Reached skill level 1 in Poison Magic
  3748 | D:4      | Reached XP level 5. HP: 38/38 MP: 8/11
  4299 | D:4      | Learned a level 4 spell: Iskenderun's Mystic Blast
  4560 | D:4      | Reached XP level 6. HP: 45/45 MP: 1/12
  4675 | D:4      | Reached skill level 1 in Translocations
  4810 | D:5      | Entered Level 5 of the Dungeon
  4822 | D:5      | Reached skill level 6 in Conjurations
  5519 | D:4      | Reached XP level 7. HP: 22/50 MP: 5/14
  6791 | D:5      | Reached skill level 7 in Conjurations
  7419 | D:5      | Learned a level 4 spell: Fulminant Prism
  7698 | D:5      | Reached XP level 8. HP: 58/58 MP: 5/17
  8246 | D:5      | Reached skill level 1 in Fighting
  8246 | D:5      | Reached skill level 1 in Armour
  8246 | D:5      | Reached skill level 1 in Hexes
 10123 | D:7      | Reached skill level 8 in Conjurations
 10550 | D:7      | Found a staircase to the Ecumenical Temple.
 10873 | D:8      | Noticed a two-headed ogre
 10879 | D:8      | Killed a two-headed ogre
 10880 | D:8      | Reached XP level 9. HP: 59/68 MP: 2/18
 11645 | D:8      | Found a staircase to the Lair.
 12823 | D:8      | Reached skill level 9 in Conjurations
 13745 | D:8      | Identified the +10 trident of Punishment {speed, Stlth+}
 13834 | D:9      | Noticed Joseph
 14169 | D:9      | Killed Joseph
 14499 | D:9      | Noticed a two-headed ogre
 14523 | D:9      | Noticed a cyclops
 14525 | D:9      | Noticed Grum
 14540 | D:9      | Killed a two-headed ogre
 14541 | D:9      | Reached skill level 1 in Polearms
 14541 | D:9      | Reached skill level 5 in Translocations
 14541 | D:9      | Reached XP level 10. HP: 78/78 MP: 0/19
 14815 | D:9      | Noticed Harold
 15533 | D:9      | HP: 3/78 [cyclops (27)]
 15534 | D:9      | Killed a cyclops
 16140 | Lair:1   | Entered Level 1 of the Lair of Beasts
 17330 | Lair:1   | Reached skill level 5 in Dodging
 17332 | Lair:1   | Reached skill level 10 in Conjurations
 17769 | Lair:1   | Noticed an eight-headed hydra
 17775 | Lair:1   | Killed an eight-headed hydra
 17842 | Lair:1   | Reached XP level 11. HP: 79/84 MP: 9/20
 18609 | Lair:2   | Reached skill level 5 in Hexes
 19841 | Lair:2   | Reached skill level 11 in Conjurations
 20614 | Lair:2   | Noticed a lindwurm
 20622 | Lair:2   | Killed a lindwurm
 20635 | Lair:2   | Noticed a lindwurm
 20658 | Lair:2   | Killed a lindwurm
 21810 | Lair:2   | Noticed an eight-headed hydra
 21820 | Lair:2   | Killed an eight-headed hydra
 21821 | Lair:2   | Reached skill level 5 in Polearms
 22202 | Lair:2   | Reached XP level 12. HP: 92/92 MP: 4/22
 23730 | Lair:2   | Noticed a four-headed hydra
 23735 | Lair:2   | Killed a four-headed hydra
 23736 | Lair:2   | Reached skill level 5 in Fighting
 24019 | Lair:2   | Found a staircase to the Swamp.
 24621 | Lair:3   | Noticed a seven-headed hydra
 24630 | Lair:3   | Killed a seven-headed hydra
 25009 | Lair:3   | Reached skill level 5 in Spellcasting
 25011 | Lair:3   | Noticed a boulder beetle
 25256 | Lair:3   | Noticed an eight-headed hydra
 25262 | Lair:3   | Killed an eight-headed hydra
 25438 | Lair:3   | Noticed a seven-headed hydra
 25445 | Lair:3   | Killed a seven-headed hydra
 25446 | Lair:3   | Reached skill level 12 in Conjurations
 26734 | Lair:3   | Killed a boulder beetle
 27230 | Lair:3   | Found a hole to the Spider Nest.
 28725 | Lair:4   | Noticed a four-headed hydra
 28732 | Lair:4   | Killed a four-headed hydra
 28733 | Lair:4   | Reached XP level 13. HP: 100/100 MP: 4/26
 28945 | Lair:4   | Learned a level 1 spell: Apportation
 28948 | Lair:4   | Learned a level 2 spell: Blink
 28953 | Lair:4   | Learned a level 4 spell: Passage of Golubria
 30065 | Lair:5   | Found a staircase to the Slime Pits.
 30589 | Lair:6   | Entered Level 6 of the Lair of Beasts
 33160 | Lair:6   | Reached skill level 13 in Conjurations
 35527 | Lair:6   | Reached XP level 14. HP: 98/107 MP: 6/30
 37464 | Lair:6   | Reached skill level 10 in Hexes
 38535 | Lair:6   | Found a one-way gate to the infinite horrors of the Abyss.
 39073 | D:9      | Killed Grum
 39076 | D:9      | Killed Harold
 39297 | D:10     | Entered Level 10 of the Dungeon
 39622 | D:10     | Noticed Psyche
 39627 | D:10     | Killed Psyche
 39630 | D:10     | Noticed Erolcha
 39816 | D:10     | Killed Erolcha
 40536 | D:10     | Found a staircase to the Orcish Mines.
 40949 | Orc:1    | Entered Level 1 of the Orcish Mines
 40949 | Orc:1    | Found Piryurch's Antique Weapon Shoppe.
 41097 | Orc:2    | Entered Level 2 of the Orcish Mines
 41110 | Orc:2    | Found a frozen archway.
 41124 | IceCv    | Entered an ice cave
 41131 | IceCv    | Found a transporter.
 41151 | IceCv    | Found a transporter.
 42573 | Orc:2    | Reached skill level 14 in Conjurations
 42573 | Orc:2    | Reached skill level 1 in Evocations
 42654 | Orc:2    | Learned a level 5 spell: Irradiate
 42958 | Orc:2    | Found a staircase to the Elven Halls.
 43823 | Orc:2    | Reached skill level 10 in Polearms
 43823 | Orc:2    | Reached skill level 1 in Transmutations
 44885 | Orc:2    | Found Zoraug's General Store.
 44885 | Orc:2    | Found Hakkouh's General Store.
 44886 | Orc:2    | Found Onaichur's Armour Shop.
 44886 | Orc:2    | Found Vayluifi's Assorted Antiques.
 45141 | Orc:2    | Bought a scroll of fear for 59 gold pieces
 45141 | Orc:2    | Bought a potion of heal wounds for 85 gold pieces
 45145 | Orc:2    | Bought a +0 cloak of poison resistance for 119 gold pieces
 45145 | Orc:2    | Bought a +1 helmet of intelligence for 231 gold pieces
 45156 | Orc:2    | Bought a scroll of teleportation for 39 gold pieces
 45452 | D:10     | Learned a level 6 spell: Iron Shot
 45617 | Swamp:1  | Entered Level 1 of the Swamp
 46130 | Swamp:1  | Noticed a ghoul
 46144 | Swamp:1  | Killed a ghoul
 46145 | Swamp:1  | Reached XP level 15. HP: 81/113 MP: 0/32
 46392 | Swamp:1  | Reached skill level 1 in Earth Magic
 48298 | Swamp:2  | Found a transporter.
 48302 | Swamp:2  | Noticed Ysuot's ghost (journeyman OpWn)
 48317 | Swamp:2  | Found a transporter.
 48360 | Swamp:2  | Reached skill level 5 in Armour
 49139 | Swamp:2  | Killed Ysuot's ghost
 49398 | Swamp:2  | Identified the ring of the Sandy Peach {Fly rElec Will+
                  | Str+4}
 49402 | Swamp:2  | Identified the ring "Wogel" {Fly rF+ Str+3 Int-2}
 49699 | Swamp:3  | Identified the amulet "Woirr" {Faith rCorr}
 50262 | Swamp:3  | Noticed Kirke
 50274 | Swamp:3  | Killed Kirke
 50463 | Swamp:3  | Noticed a thorn hunter
 50477 | Swamp:3  | Killed a thorn hunter
 51902 | Spider:1 | Entered Level 1 of the Spider Nest
 52870 | Orc:2    | Bought a +1 helmet of see invisible for 231 gold pieces
 55059 | Spider:1 | Reached skill level 5 in Earth Magic
 55063 | Spider:1 | HP: 3/117 [spark wasp (15)]
 55063 | Spider:1 | Slain by a tarantella

Illustrated notes

Levels and vault maps discovered:
D:1:      saegor_arrival_simple_e, layout_basic, serial_corexii_hall,
          corexii_hall_statues_i, corexii_hall_statues_l,
          corexii_hall_statues_s, chequers_serial_rivers_small_3,
          roderic_lattice_a, minmay_cupped
D:2:      layout_loops_ring, kennysheep_minor_cross
D:3:      layout_basic, hellmonk_ecumenical_altar_inner_sanctum,
          chequers_serial_rivers_large_a, cheibrodos_gnoll_hut
D:4:      layout_loops_ring, minmay_rat_hole
D:5:      layout_gridville, kb_lookout_dungeons_type
D:6:      layout_rooms, mainiacjoe_overflow_alcove_4
D:7:      wad_pebble_path, layout_cave_pools, minmay_temple_entry_large_hall,
          serial_bayou_lagoon_a
D:8:      cheibrodos_two_vegetables, layout_rooms, dpeg_oklobed_lair,
          serial_bayou_lake_a
D:9:      layout_basic, general_overflow_altar, uniq_joseph, uniq_harold,
          uniq_grum
D:10:     layout_cross, erik_orc_2, uniq_erolcha, uniq_psyche
Lair:1:   layout_gridlike, grunt_megastairs_3, lemuel_fruit_fields,
          infiniplex_staircase_pool
Lair:2:   cheibrodos_lair_overgrown_chateau, layout_chaotic_city,
          palyth_hydra_swamp_entry, basic_altar, beast_lair_carwin_4,
          grunt_megastairs_4, serial_bayou_shore_b
Lair:3:   layout_big_grid, spider_nest_entry_funnel_web
Lair:4:   layout_loops_ring, minivault_25, lemuel_fruit_tree,
          grunt_megastairs_5, infiniplex_staircase_pool_2
Lair:5:   layout_roguey, slime_altar_1
Lair:6:   hellmonk_lair_end_abyssal_woods, layout_loops_ring,
          serial_bayou_shore_a
Swamp:1:  layout_falls_marsh, hangedman_swamp_ruin_wall
Swamp:2:  layout_basic_swamp, gammafunk_ghost_berserking_beasts,
          nicolae_swamp_very_dense_foliage
Swamp:3:  layout_basic_swamp, evilmike_swamp_ruin_house_6, swamp_pool5,
          uniq_kirke
Spider:1: layout_spider_delve
Orc:1:    layout_diamond_mine, serial_shops, shop
Orc:2:    st_orc_ogre_mass, layout_diamond_mine,
          portal_ice_cave_entry_pillars_2, mines5_lemuel

Skill      XL: |  1  2  3  4  5  6  7  8  9 10 11 12 13 14 15 |
---------------+----------------------------------------------+-----
Conjurations   | 4 5 6 7 8 9 10 11 12 13 14 | 14.1
Spellcasting   | 2 3 4 6 7 9 |  9.0
Air Magic      | 1 2 3 |  3.0
Poison Magic   | 1 2 3 |  3.0
Translocations | 1 3 4 5 7 8 |  8.0
Dodging        | 2 3 4 5 6 7 |  7.4
Fighting       | 2 3 4 5 6 |  6.6
Armour         | 2 3 4 5 |  5.9
Hexes          | 2 3 4 6 8 9 10 | 10.7
Polearms       | 1 3 5 7 8 10 11 | 11.0
Stealth        | 3 |  3.0
Evocations     | 1 |  1.0
Transmutations | 2 3 |  3.1
Earth Magic    | 5 |  5.0

Action                   |  1- 3 |  4- 6 |  7- 9 | 10-12 | 13-15 || total
-------------------------+-------+-------+-------+-------+-------++-------
Melee: Spear             |    14 |       |       |       |       ||    14
       Dagger            |       |    96 |    86 |       |       ||   182
       Punch             |       |     1 |     3 |     1 |     2 ||     7
       Trident           |       |       |     4 |    65 |   135 ||   204
 Cast: Magic Dart        |    85 |    45 |    46 |    27 |    93 ||   296
       Searing Ray       |     1 |    10 |     5 |       |       ||    16
       Poisonous Vapours |       |     2 |    35 |    25 |    50 ||   112
       Iskenderun's Myst |       |     1 |    13 |   121 |   232 ||   367
       Fulminant Prism   |       |       |    60 |   105 |   226 ||   391
       Apportation       |       |       |       |       |     1 ||     1
       Iron Shot         |       |       |       |       |    59 ||    59
       Irradiate         |       |       |       |       |     9 ||     9
Evoke: Wand              |       |       |     1 |     2 |       ||     3
  Use: Scroll            |       |       |    16 |     7 |     8 ||    31
       Potion            |       |       |       |     3 |     1 ||     4
Armor: Robe              |     2 |     9 |    33 |    51 |   125 ||   220
Dodge: Dodged            |    25 |    91 |   134 |    94 |   211 ||   555
